 Dungeon Crawl Stone Soup version 0.18.1-48-g4cf74bf (webtiles) character file.

132 sudo the Slasher (level 4, 0/33 HPs)
             Began as a High Elf Fighter on June 29, 2016.
             Was an Initiate of the Shining One.
             Slain by an orc warrior
             ... wielding a +0 short sword
              (9 damage)
             ... on level 3 of the Dungeon.
             The game lasted 00:02:04 (1822 turns).

sudo the Slasher (High Elf Fighter)                 Turns: 1822, Time: 00:02:06

Health: 0/33       AC: 11    Str: 16    XL:     4   Next: 92%
Magic:  4/5        EV:  7    Int: 11    God:    the Shining One [......]
Gold:   94         SH:  9    Dex: 15    Spells: 0 memorised, 3 levels left

rFire  . . .     SeeInvis .     a - +0 long sword
rCold  . . .     Gourm    .     v - +0 chain mail
rNeg   + . .     Faith    .     c - +0 shield
rPois  .         Spirit   .     w - +0 helmet
rElec  .         Dismiss  .     (no cloak)
rCorr  .         Reflect  .     r - +0 pair of gloves
SustAt .         Harm     .     (no boots)
MR     .....                    (no amulet)
Stlth  ..........               (no ring)
                                g - ring of positive energy

@: glowing, not resistant to hostile enchantments, extremely unstealthy
A: repulsion field 1, blink
a: Blink, Renounce Religion


You were on level 3 of the Dungeon.
You worshipped the Shining One.
The Shining One was noncommittal.
You were not hungry.

You visited 1 branch of the dungeon, and saw 3 of its levels.

You collected 94 gold pieces.

Inventory:

Hand Weapons
 a - a +0 long sword (weapon)
Armour
 b - a +0 scale mail
 c - a +0 shield (worn)
 r - a +0 pair of gloves (worn)
 v - a +0 chain mail (worn)
 w - a +0 helmet (worn)
Jewellery
 g - a ring of positive energy (left hand)
 j - an uncursed amulet of rage {unknown}
 l - an uncursed amulet of regeneration {unknown}
Scrolls
 h - a scroll of enchant weapon {unknown}
 k - a scroll of teleportation {unknown}
 m - a scroll of noise {unknown}
 p - a scroll of amnesia {unknown}
 q - a scroll of magic mapping {unknown}
 u - 2 scrolls of blinking {unknown}
 x - a scroll of identify {unknown}
Potions
 d - a potion of might
 i - a potion of resistance {unknown}
 o - a potion of brilliance {unknown}
 s - a potion of curing {unknown}
Comestibles
 f - 2 bread rations
 t - a slice of pizza
 z - a chunk of flesh


   Skills:
 + Level 3.7 Fighting
 * Level 4.6 Long Blades
 + Level 3.3 Armour
 + Level 1.4 Dodging
 - Level 2.6 Shields


You had 3 spell levels left.
You didn't know any spells.

Dungeon Overview and Level Annotations

Branches:
Dungeon (3/15)

Altars:
Kikubaaqudgha
The Shining One


Innate Abilities, Weirdness & Mutations

You are surrounded by a mild repulsion field (EV +2).
You can translocate small distances at will.


Message History

* * * LOW HITPOINT WARNING * * *
Drink which item? (? for menu, Esc to quit)
It was a potion of mutation.
You feel extremely strange.
Your fingernails lengthen.
You begin to radiate repulsive energy.
You feel your magical essence link to your wands.
You block the orc warrior's attack.
Drink which item? (? for menu, Esc to quit)
You feel extremely strange.
You feel clever.
You feel jittery.
You feel less energetic. The orc warrior completely misses you.
Unknown command.
Drink which item? (? for menu, Esc to quit)
It was a potion of cure mutation.
It has a very clean taste.
Your magical essence is no longer linked to your wands.
Your fingernails shrink to normal size.
You feel more energetic.
You feel stupid.
The orc priest calls upon Beogh to heal the orc warrior.
The orc warrior's wounds heal themselves!
The orc warrior hits you with a short sword!
You die...

#. ..# #.# ..#
#.# ..# #.# ..#
#.# .. #.# .#
#.###o######
#..@oo...... #
#.########## #
#.##### #
#..)..##########
#
#####.)........#
#
#......###.#####
#......#........
#......#.#.#####
#...............


You could see an orc warrior, an orc priest and an orc.

Vanquished Creatures
  An orc wizard (D:3)
  Terence (D:2)
  3 adders
  2 worms (D:2)
  5 orcs (D:3)
  7 bats
  2 giant cockroaches
  6 goblins
  9 hobgoblins
  2 jackals (D:2)
  A ball python (D:2)
  3 kobolds
  4 rats
46 creatures vanquished.

Vanquished Creatures (others)
  A rat (D:2)
1 creature vanquished.

Grand Total: 47 creatures vanquished

Notes
Turn   | Place    | Note
--------------------------------------------------------------
     0 | D:1      | sudo the High Elf Fighter began the quest for the Orb.
     0 | D:1      | Reached XP level 1. HP: 16/16 MP: 2/2
    75 | D:1      | Reached XP level 2. HP: 21/21 MP: 3/3
   796 | D:2      | Reached skill level 3 in Long Blades
   925 | D:2      | Reached XP level 3. HP: 21/26 MP: 4/4
   988 | D:2      | Noticed Terence
   998 | D:2      | Killed Terence
  1022 | D:2      | Found an ancient bone altar of Kikubaaqudgha.
  1232 | D:2      | Reached XP level 4. HP: 26/31 MP: 5/5
  1240 | D:2      | Reached skill level 1 in Dodging
  1534 | D:2      | Found a glowing golden altar of the Shining One.
  1541 | D:2      | Became a worshipper of the Shining One
  1648 | D:3      | Reached skill level 4 in Long Blades
  1816 | D:3      | Noticed an orc warrior
  1820 | D:3      | Gained mutation: You have sharp fingernails. [potion of mutation]
  1820 | D:3      | Gained mutation: You are surrounded by a mild repulsion field (EV +2). [potion of mutation]
  1820 | D:3      | Gained mutation: You expend magic power (3 MP) to strengthen your wands. [potion of mutation]
  1821 | D:3      | Gained mutation: Your mind is acute. (Int +2) [potion of mutation]
  1821 | D:3      | Gained mutation: You can translocate small distances at will. [potion of mutation]
  1821 | D:3      | Gained mutation: Your magical capacity is low (-10% MP). [potion of mutation]
  1822 | D:3      | Lost mutation: You expend magic power (3 MP) to strengthen your wands. [potion of cure mutation]
  1822 | D:3      | Lost mutation: You have sharp fingernails. [potion of cure mutation]
  1822 | D:3      | Lost mutation: Your magical capacity is low (-10% MP). [potion of cure mutation]
  1822 | D:3      | Lost mutation: Your mind is acute. (Int +2) [potion of cure mutation]
  1822 | D:3      | Slain by an orc warrior

Skill      XL: |  1  2  3  4 |
---------------+-------------+-----
Armour         | 3 |  3.3
Long Blades    | 3 4 |  4.6
Dodging        | 1 |  1.4
Fighting       | |  3.7
Shields        | |  2.6

Action                   |  1- 3 |  4- 6 || total
-------------------------+-------+-------++-------
Melee: Long sword        |   103 |    54 ||   157
  Use: Potion            |       |     3 ||     3
  Eat: Chunk             |       |     3 ||     3
Armor: Scale mail        |    26 |       ||    26
       Chain mail        |    27 |    38 ||    65
Dodge: Dodged            |    27 |    10 ||    37
Block: Shield            |    43 |    31 ||    74
